Map: Overgrowth LE (Void)

Players

Tadanga

  • Race: Zerg Zerg
  • League: Grandmaster
  • Spawn Location: 1:00

MythiC - Winner!

  • Race: Terran Terran
  • League: Master
  • Spawn Location: 7:00

VOD

Have the link to the VOD?

Description

If facing a roach push add a banshee and a couple of cyclones

Time

  • Played on: Dec. 10, 2016, 7:49 p.m.
  • Length: 10:13
Show
View Real Time Build Order
Export as new Build Order

Tadanga Zerg 

Build Orders: Hatch First 

Get SALT Encoding   

  12  0:01  Drone  
  13  0:15  Overlord  
  13  0:19  Drone  
  14  0:33  Drone x2  
  16  0:38  Drone  
  17  0:54  Hatchery  
  17  0:57  Drone  
  17  0:59  Drone  
  18  1:11  Extractor  
  17  1:13  Spawning Pool  
  17  1:15  Drone  
  17  1:20  Drone  
  18  1:31  Drone  
  19  1:42  Overlord  
  19  1:53  Drone  
  20  1:59  Queen  
  22  2:04  Zergling x2  
  22  2:05  Queen  
  22  2:06  Zergling x2  
  26  2:13  Metabolic Boost  
  26  2:15  Drone  
  27  2:25  Drone x2  
  29  2:33  Hatchery  
  29  2:37  Drone  
  29  2:39  Drone  
  29  2:41  Drone  
  31  2:46  Drone  
  31  2:49  Overlord  
  32  2:58  Queen  
  34  2:59  Drone  
  34  3:02  Spore Crawler  
  35  3:17  Drone  
  35  3:18  Drone x7  
  43  3:21  Overlord  
  43  3:33  Evolution Chamber x2  
  39  3:42  Zergling x4  
  39  3:43  Zergling x4  
  39  3:46  Queen  
  39  3:47  Queen  
  47  3:49  Drone x2  
  49  3:57  Queen  
  49  3:59  Zerg Melee Weapons Level 1  
  51  4:04  Zergling x8  
  55  4:16  Overlord x3  
  53  4:36  Drone x6  
  57  4:38  Lair  
  57  4:41  Drone x2, Extractor  
  57  4:42  Extractor  
  57  4:55  Drone x3  
  57  4:59  Spore Crawler  
  59  5:00  Spore Crawler  
  59  5:01  Spore Crawler  
  57  5:10  Drone x9  
  66  5:14  Overlord x2  
  66  5:15  Overlord  
  66  5:16  Zerg Ground Armor Level 1  
  66  5:37  Roach Warren  
  66  5:39  Drone x3  
  66  5:40  Drone x5  
  73  5:56  Drone x7  
  80  5:59  Extractor x2  
  80  6:00  Zerg Melee Weapons Level 2  
  78  6:06  Extractor  
  78  6:07  Drone x3  
  78  6:08  Drone  
  78  6:10  Hatchery  
  80  6:17  Glial Reconstitution  
  80  6:19  Roach  
  80  6:23  Overlord x4  
  78  6:46  Drone x8  
  86  6:52  Hydralisk Den  
  85  6:55  Infestation Pit  
  84  7:03  Roach x7  
  98  7:10  Zerg Missile Weapons Level 1  
  98  7:11  Drone x6  
  101  7:25  Muscular Augments  
  101  7:27  Drone x3  
  101  7:28  Drone x4  
  101  7:29  Drone x4  
  110  7:46  Overseer, Hive  
  110  7:54  Overlord x8  
  110  7:55  Hydralisk x2  
  114  8:02  Extractor  
  114  8:03  Spore Crawler  
  114  8:05  Extractor  
  110  8:08  Drone x4  
  110  8:09  Drone x3  
  114  8:17  Spore Crawler  
  114  8:19  Spine Crawler  
  112  8:20  Drone, Spine Crawler x2  
  112  8:21  Drone x5  
  112  8:22  Hydralisk x6  
  128  8:40  Roach x7  
  138  8:50  Roach x7  
  152  9:02  Roach x9  
  170  9:10  Roach x2  
  170  9:14  Roach x5  
  164  9:25  Roach x6  
  164  9:29  Roach x4  
  147  9:38  Roach x6  
  126  9:45  Roach x3  
  124  9:47  Ravager x3  
  124  9:48  Roach  
Show
View Real Time Build Order
Export as new Build Order

MythiC Terran - Winner!

Build Orders: Hellion Opening, Bio Tank 

Get SALT Encoding   

  12  0:00  SCV  
  13  0:12  SCV  
  14  0:17  Supply Depot  
  14  0:24  SCV  
  14  0:27  Refinery  
  15  0:39  SCV  
  16  0:45  Barracks  
  16  0:51  SCV  
  17  1:03  SCV  
  18  1:16  SCV  
  20  1:33  Reaper, Orbital Command  
  20  1:41  Command Center  
  20  1:52  Factory  
  20  1:58  SCV  
  21  2:06  Supply Depot  
  21  2:10  SCV  
  21  2:11  Barracks Reactor  
  22  2:22  SCV, Refinery  
  23  2:35  SCV  
  24  2:43  Starport  
  24  2:47  SCV  
  29  2:51  Hellion x2  
  29  2:56  Orbital Command  
  29  2:59  SCV  
  30  3:11  SCV  
  31  3:18  Hellion x2  
  35  3:23  SCV  
  35  3:24  Starport Tech Lab, SCV  
  35  3:25  Viking  
  35  3:26  Barracks Tech Lab  
  39  3:31  Supply Depot  
  39  3:35  SCV  
  39  3:36  SCV  
  41  3:47  SCV  
  41  3:48  SCV  
  43  3:54  Supply Depot  
  45  3:56  Hellion x2  
  45  3:57  Barracks Tech Lab  
  45  3:59  SCV  
  45  4:00  SCV  
  49  4:09  Raven  
  49  4:11  SCV  
  49  4:12  SCV  
  49  4:16  Supply Depot  
  53  4:22  Command Center  
  53  4:23  SCV  
  54  4:24  SCV  
  54  4:36  SCV x2  
  56  4:41  Command Center  
  56  4:44  Refinery  
  56  4:45  Marine x2, Refinery  
  58  4:46  Siege Tank  
  58  4:48  SCV x2  
  63  4:55  Raven  
  63  4:59  Supply Depot  
  65  5:00  Supply Depot, SCV x2  
  65  5:05  Marine  
  65  5:07  Engineering Bay x2, Marine  
  69  5:15  SCV  
  69  5:20  SCV  
  69  5:21  Supply Depot, Siege Tank  
  71  5:27  SCV  
  75  5:33  SCV  
  76  5:39  SCV  
  76  5:40  Marine x2  
  76  5:41  Raven  
  81  5:44  Terran Infantry Weapons Level 1  
  81  5:45  SCV  
  81  5:47  Terran Infantry Armor Level 1  
  81  5:49  Barracks  
  82  5:50  Barracks  
  82  5:51  SCV  
  83  5:57  SCV  
  83  5:59  Marine, Orbital Command  
  83  6:00  Marine  
  83  6:02  Siege Tank  
  83  6:03  SCV  
  90  6:11  SCV  
  91  6:15  SCV  
  92  6:19  Barracks x2  
  92  6:22  Marine x2  
  92  6:24  SCV  
  95  6:26  Supply Depot  
  95  6:27  SCV  
  95  6:29  SCV  
  97  6:37  Barracks Tech Lab  
  97  6:40  Marine x2  
  97  6:42  Orbital Command  
  97  6:43  SCV x2  
  97  6:44  Starport Reactor  
  97  6:46  Marine  
  102  6:47  Siege Tank  
  105  6:58  Marine x3  
  105  6:59  Stimpack, Combat Shields  
  108  7:05  Armory, SCV  
  108  7:07  Supply Depot, SCV  
  110  7:15  SCV  
  111  7:17  Refinery, Marine x2, SCV  
  111  7:18  Barracks Reactor x2  
  111  7:21  Marine x2  
  116  7:28  Medivac x2, Siege Tank  
  123  7:30  SCV x2  
  125  7:39  Supply Depot  
  125  7:40  Supply Depot  
  125  7:42  Supply Depot, Marine x4  
  125  7:43  SCV  
  130  7:46  SCV  
  131  7:52  Supply Depot  
  131  7:54  Supply Depot  
  131  7:56  Supply Depot, Marine x2  
  133  8:01  Marine x2  
  133  8:02  Marine  
  133  8:03  Marine x3  
  133  8:04  Siege Tank  
  142  8:12  Medivac x2  
  146  8:14  Marine x2  
  146  8:19  Marine x2  
  150  8:20  Marine  
  150  8:22  Refinery, SCV x2  
  150  8:24  Marine x3  
  156  8:28  Command Center  
  156  8:32  Marine x2  
  156  8:36  Marine x2  
  156  8:38  Marine  
  156  8:40  Siege Tank  
  162  8:42  Marine x3  
  162  8:45  Factory  
  165  8:50  Marine x2  
  165  8:54  Medivac x2, Marine x2  
  173  8:56  Marine  
  173  9:00  Marine x3  
  177  9:07  Marine  
  177  9:08  Marine  
  179  9:12  Liberator, Marine x2  
  179  9:13  Liberator  
  181  9:17  Barracks, Marine  
  181  9:18  Marine x2  
  181  9:19  Marine, Barracks  
  181  9:21  Barracks  
  164  9:25  Marine x2, Siege Tank  
  164  9:30  Marine, Marauder  
  161  9:35  Marine  
  161  9:36  Marine x2  
  161  9:38  Marauder  
  158  9:43  Marine  
  159  9:46  Marine  
  159  9:48  Marine  
  159  9:52  Marauder  
  163  9:54  Factory Tech Lab  
  163  9:55  Marine  
Tags
 
Add a new tag
Caveats
  • Supply blocks, unpowered buildings, or Contaminate may cause inaccurate times.
  • Supply counts are checked every 10 seconds.